 Dungeon Crawl Stone Soup version 0.19.4-8-ga85b6b9 (webtiles) character file.

4599 protoss039 the Slicer (level 9, -3/74 HPs)
             Began as a Demigod Wanderer on Feb 7, 2017.
             Slain by an orc warlord
             ... wielding a +0 great sword
              (29 damage)
             ... on level 7 of the Dungeon.
             The game lasted 00:31:14 (7561 turns).

protoss039 the Slicer (Demigod Wanderer)            Turns: 7561, Time: 00:31:16

Health: -3/74      AC: 25    Str: 26    XL:     9   Next: 99%
Magic:  13/13      EV:  7    Int: 18    God:
Gold:   318        SH:  0    Dex: 16    Spells: 0 memorised, 8 levels left

rFire  . . .     SeeInvis .     y - +8 dagger of Midwinter {pierce, rElec rN+}
rCold  + . .     Gourm    .     v - +7 plate armour of a wizard's laboratory {+Inv rC+ Str+3 Int+3}
rNeg   + . .     Faith    .     (no shield)
rPois  .         Spirit   .     (helmet restricted)
rElec  +         Reflect  .     q - +0 cloak
rCorr  +         Harm     .     F - +0 pair of gloves
MR     .....     Clarity  +     h - +1 pair of boots
Stlth  ..........               (no amulet)
                                s - ring of resist corrosion
                                m - +2 ring of strength

@: exhausted, slowed, drained, very slow
A: antennae 1, clarity, high mp 1
a: Evoke Invisibility


You were on level 7 of the Dungeon.
You were not hungry.

You visited 1 branch of the dungeon, and saw 7 of its levels.
You also visited: Ossuary.

You collected 372 gold pieces.
You spent 54 gold pieces at shops.

Inventory:

Hand Weapons
 k - a +2 falchion of holy wrath
 y - the +8 dagger of Midwinter (weapon) {pierce, rElec rN+}
   (You found it on level 4 of the Dungeon)

   It inflicts extra damage upon your enemies.
   It insulates you from electricity.
   It protects you from negative energy.
Missiles
 G - 11 tomahawks of dispersal (quivered)
Armour
 h - a +1 pair of boots (worn)
 q - a +0 cloak (worn)
 v - the +7 plate armour of a wizard's laboratory (worn) {+Inv rC+ Str+3 Int+3}
   (You found it on level 5 of the Dungeon)

   It affects your strength (+3).
   It affects your intelligence (+3).
   It protects you from cold.
   It lets you turn invisible.
 F - a +0 pair of gloves (worn)
Jewellery
 m - a +2 ring of strength (left hand)
 o - an uncursed ring of positive energy
 s - a ring of resist corrosion (right hand)
 A - an uncursed ring of protection from cold
Wands
 d - a wand of random effects (14/48)
 x - a wand of flame (28/48)
 E - a wand of flame (23/48)
Scrolls
 g - a scroll of noise
 j - 2 scrolls of fog
 n - 6 scrolls of teleportation
 p - 2 scrolls of amnesia
 t - 6 scrolls of remove curse
 u - a scroll of immolation
 w - 2 scrolls of identify
 L - a scroll of enchant weapon
Potions
 a - a potion of invisibility {unknown}
 b - a potion of berserk rage
 c - 2 potions of curing
 e - 2 potions of heal wounds
 l - 2 potions of magic
 B - 2 potions of flight {unknown}
 C - a potion of lignification {unknown}
 H - a potion of brilliance {unknown}
 I - a potion of mutation {unknown}
 J - a potion of ambrosia {unknown}
Comestibles
 f - 5 bread rations
 i - 19 chunks of flesh
 z - 4 meat rations


   Skills:
 * Level 5.1(5.0) Fighting
 + Level 10.3 Short Blades
   Level 1.7 Polearms
   Level 1.0(0.9) Crossbows
 + Level 7.7 Armour
 - Level 0.1 Dodging
 - Level 1.0(0.9) Stealth
 + Level 2.1 Evocations


You had 8 spell levels left.
You didn't know any spells.

Dungeon Overview and Level Annotations

Branches:
Dungeon (7/15)             Temple (0/1) D:5

Shops:
D:4 *   D:5 [


Innate Abilities, Weirdness & Mutations

You have an increased reservoir of magic. (+10% MP)
You have a pair of small antennae on your head.
You possess an exceptional clarity of mind.


Message History

The orc warlord is severely wounded.
The orc hits you but does no damage.
The orc warlord hits you with a great sword!!
* * * LOW HITPOINT WARNING * * *
The orc hits you but does no damage.
You feel much better. The orc misses you. The orc barely misses you.
The orc warlord hits you but does no damage.
You hit the orc warlord.
The orc warlord is severely wounded.
The orc barely misses you. The orc hits you with a dagger.
You hit the orc warlord but do no damage.
The orc warlord is severely wounded.
The orc warlord hits you with a great sword.
The orc hits you with a falchion. The orc hits you but does no damage.
You hit the orc warlord but do no damage.
The orc warlord is severely wounded.
You hit the orc warlord.
The orc warlord is almost dead.
The orc warlord hits you with a great sword!!
You die...

####''''#########
...#....#.......#
...#....#.......#
..[)[...'......)# #
###############'#####.#
...#....#.......#.....#
.....≈≈.........#.....#
...).≈≈...)....o#['##
...#((((#.......@...#
####....########oo..#
#...##...# '....#
########## #######


You could see an orc warlord and 2 orcs.

Vanquished Creatures
  The ghost of Faldahar the Carver, a novice DrBe of Trog (D:7)
  A hill giant (D:7)
  The ghost of protoss039 the Cudgeler, a novice GrFi (Ossuary)
  Grinder (D:5)
  A wyvern (D:4)
  Eustachio (D:5)
  4 wargs
  7 orc warriors (D:7)
  A water moccasin (D:5)
  2 ice beasts
  3 ogres
  2 centaurs (D:6)
  An elf zombie (Ossuary)
  2 bullfrogs
  A big kobold (D:6)
  A howler monkey (D:6)
  3 crimson imps
  2 human zombies (Ossuary)
  3 orc priests
  Natasha (twice) (D:2)
  An orc wizard (D:5)
  4 worker ants
  A big kobold zombie (Ossuary)
  A hound zombie (Ossuary)
  3 mummies (Ossuary)
  A hound skeleton (D:4)
  2 howler monkey skeletons
  4 adders
  A shadow imp (D:5)
  5 adder zombies (Ossuary)
  2 dart slugs
  7 worms
  2 leopard geckos
  32 orcs
  A ball python (D:2)
  3 giant cockroaches
  11 goblins
  3 hobgoblins
  7 jackals
  8 kobolds
  2 quokkas
  6 bats
  7 frilled lizards
  A gnoll zombie (Ossuary)
  4 goblin zombies (Ossuary)
  3 hobgoblin zombies (Ossuary)
  4 jackal zombies
  3 kobold zombies (Ossuary)
  An orc zombie (Ossuary)
  A quokka skeleton (D:5)
  7 quokka zombies (Ossuary)
  7 rats
  A rat zombie (Ossuary)
186 creatures vanquished.

Notes
Turn   | Place    | Note
-------+----------+-------------------------------------------
     0 | D:1      | protoss039 the Demigod Wanderer began the quest for the Orb.
     0 | D:1      | protoss039 set off with: a +2 dagger, a potion of berserk rage, a potion of curing, a wand of random effects (15/48), a +0 robe, a bread ration
     0 | D:1      | Reached XP level 1. HP: 16/16 MP: 4/4
   373 | D:1      | Reached XP level 2. HP: 23/23 MP: 5/5
   836 | D:2      | Reached XP level 3. HP: 19/28 MP: 7/7
  1011 | D:2      | Found a bloodstained altar of Trog.
  1131 | D:2      | Gained mutation: You have a pair of small antennae on your head. [potion of beneficial mutation]
  1382 | D:2      | Noticed Natasha
  1394 | D:2      | Killed Natasha
  1394 | D:2      | Reached XP level 4. HP: 19/35 MP: 8/8
  1719 | D:2      | Reached skill level 1 in Short Blades
  1984 | D:2      | Noticed Natasha
  1998 | D:2      | Killed Natasha
  2273 | D:3      | Found a faded altar of an unknown god.
  2341 | D:3      | Reached XP level 5. HP: 18/40 MP: 9/9
  2579 | D:3      | Found an opulent altar of Gozag.
  2601 | D:3      | Found an ancient bone altar of Kikubaaqudgha.
  2604 | D:3      | Found a basalt altar of Yredelemnul.
  2756 | D:3      | Reached skill level 2 in Short Blades
  2985 | D:4      | Got an ancient dagger
  2986 | D:4      | Identified the +8 dagger of Midwinter {pierce, rElec rN+} (You found it on level 4 of the Dungeon)
  3061 | D:4      | Noticed a wyvern
  3074 | D:4      | Killed a wyvern
  3074 | D:4      | Reached skill level 3 in Short Blades
  3074 | D:4      | Reached skill level 5 in Armour
  3074 | D:4      | Reached XP level 6. HP: 35/48 MP: 10/10
  3143 | D:4      | Found Xizeloiw's General Store.
  3736 | D:5      | Entered Level 5 of the Dungeon
  3736 | D:5      | Noticed a water moccasin
  3741 | D:5      | Killed a water moccasin
  3741 | D:5      | Reached skill level 4 in Short Blades
  3741 | D:5      | Reached XP level 7. HP: 41/56 MP: 11/11
  3745 | D:5      | Got a dazzling plate armour
  3943 | D:4      | Identified the +7 plate armour of a wizard's laboratory {+Inv rC+ Str+3 Int+3} (You found it on level 5 of the Dungeon)
  4035 | D:5      | Found a staircase to the Ecumenical Temple.
  4039 | D:5      | Noticed Grinder
  4056 | D:5      | Killed Grinder
  4056 | D:5      | Reached skill level 5 in Short Blades
  4467 | D:5      | Found Loaroent's Armour Shop.
  4470 | D:5      | Bought a +0 pair of gloves for 54 gold pieces
  4492 | D:5      | Noticed Eustachio
  4505 | D:5      | Killed Eustachio
  4505 | D:5      | Reached skill level 6 in Short Blades
  4505 | D:5      | Reached XP level 8. HP: 62/63 MP: 12/12
  4744 | D:5      | Found a stormy altar of Qazlal.
  4744 | D:5      | Found a sparkling altar of Nemelex Xobeh.
  5198 | D:6      | Found a sacrificial altar of Ru.
  5203 | D:6      | Found a sand-covered staircase.
  5212 | Ossuary  | Entered an ossuary
  5230 | Ossuary  | Noticed protoss039's ghost (novice GrFi)
  5255 | Ossuary  | Killed protoss039's ghost
  5255 | Ossuary  | Reached skill level 7 in Short Blades
  5603 | Ossuary  | Gained mutation: You possess an exceptional clarity of mind. [potion of beneficial mutation]
  5628 | D:6      | Reached skill level 8 in Short Blades
  6337 | D:7      | Noticed a hill giant
  6349 | D:7      | Killed a hill giant
  6349 | D:7      | Reached XP level 9. HP: 67/71 MP: 13/13
  6370 | D:7      | Reached skill level 9 in Short Blades
  6458 | D:7      | Noticed Faldahar's ghost (novice DrBe)
  6766 | D:7      | Killed Faldahar's ghost
  6766 | D:7      | Reached skill level 10 in Short Blades
  7058 | D:7      | Noticed an orc knight
  7498 | D:7      | Reached skill level 5 in Fighting
  7517 | D:7      | Noticed an orc warlord
  7561 | D:7      | Slain by an orc warlord

Skill      XL: |  1  2  3  4  5  6  7  8  9 |
---------------+----------------------------+-----
Armour         | 3 4 5 6 7 |  7.7
Evocations     | 2 |  2.1
Short Blades   | 1 3 4 6 8 10 | 10.3
Fighting       | 2 3 4 5 |  5.1
Polearms       | |  1.7
Crossbows      | |  1.0
Dodging        | |  0.1
Stealth        | |  1.0

Action                   |  1- 3 |  4- 6 |  7- 9 || total
-------------------------+-------+-------+-------++-------
Melee: Dagger            |   122 |   191 |   548 ||   861
Evoke: Wand              |     1 |       |       ||     1
  Use: Scroll            |     3 |       |    15 ||    18
       Potion            |     1 |       |     6 ||     7
 Stab: Sleeping          |     1 |       |       ||     1
  Eat: Chunk             |     2 |     6 |     4 ||    12
       Pizza             |       |     1 |     1 ||     2
       Meat ration       |       |       |     1 ||     1
       Beef jerky        |       |       |     1 ||     1
Armor: Robe              |    13 |       |       ||    13
       Chain mail        |    38 |   100 |     4 ||   142
       Plate armour      |       |       |   276 ||   276
Dodge: Dodged            |    48 |    64 |   157 ||   269
